 Dungeon Crawl Stone Soup version 0.29.0-4-gdea44cf6ec (webtiles) character file.

Game seed: 8626464530658223215

1631 qw the Cleaver (level 8, -3/43 (47) HPs)
             Began as a Tengu Warper on Aug 28, 2022.
             Was a Believer of Okawaru.
             Slain by a wight
             ... wielding a +2 battleaxe
              (15 damage)
             ... on level 6 of the Dungeon.
             The game lasted 00:00:34 (4537 turns).

qw the Cleaver (Tengu Warper)                       Turns: 4537, Time: 00:00:35

HP:   -3/43 (47)    AC: 15    Str: 14    XL:     8   Next: 98%
MP:   11/12         EV:  6    Int: 13    God:    Okawaru [**....]
Gold: 352           SH: 11    Dex: 14    Spells: 11/11 levels left

rFire   . . .      SeeInvis .   n - +5 war axe
rCold   . . .      Faith    .   i - +0 kite shield
rNeg    . . .      Spirit   .   k - +0 plate armour
rPois   .          Reflect  .   a - +2 hat
rElec   .          Harm     .   (no cloak)
rCorr   .          Rampage  .   (no gloves)
Will    ++...                   (boots unavailable)
Stlth   ..........              o - amulet of regeneration
HPRegen 0.94/turn               d - ring of willpower
MPRegen 0.13/turn               q - ring of willpower

@: heroic, flying quickly and evasively, drained, quick
A: beak, talons 3, nimble flight
a: Renounce Religion, Heroism


You were on level 6 of the Dungeon.
You worshipped Okawaru.
Okawaru was pleased with you.
You visited 2 branches of the dungeon, and saw 7 of its levels.

You collected 352 gold pieces.


Innate Abilities, Weirdness & Mutations

You have a beak for a mouth.
You have claws for feet.
Your magical nature lets you fly swiftly and evasively.


   Skills:
 - Level 3.6(8.6) Fighting
 - Level 9.2(14.2) Axes
 - Level 1.0(6.0) Throwing
 - Level 3.3(8.3) Armour
 - Level 2.1(7.1) Dodging
 + Level 3.6(8.6) Shields
 - Level 2.0 Spellcasting
 - Level 2.4 Translocations
 + Level 3.8 Invocations


You had 11 spell levels left.
You didn't know any spells.
Your spell library contained the following spells:

 Spells                   Type           Power      Damage    Failure   Level
 Blink                    Tloc           14%        N/A       100%        2
 Gell's Gravitas          Tloc           7%         N/A       100%        3
 Lesser Beckoning         Tloc           7%         N/A       100%        3
 Teleport Other           Tloc           7%         N/A       100%        3
 Manifold Assault         Tloc           7%         N/A       100%        5

Inventory:

Hand Weapons
 b - a +0 flail
 n - a +5 war axe (weapon)
Armour
 a - a +2 hat (worn)
 i - a +0 kite shield (worn)
 k - a +0 plate armour (worn)
Jewellery
 d - a ring of willpower (left hand)
 o - an amulet of regeneration (around neck)
 q - a ring of willpower (right hand)
Scrolls
 e - 2 scrolls of teleportation
 g - a scroll of torment {unknown}
 h - a scroll of identify
Potions
 f - a potion of curing
 j - a potion of might {unknown}
 l - a potion of ambrosia {unknown}
 m - a potion of heal wounds
 p - a potion of flight {unknown}

Dungeon Overview and Level Annotations

Branches:
Dungeon (6/15)             Temple (1/1) D:4

Altars:
Ashenzari
Cheibriados
Dithmenos
Gozag
Hepliaklqana
Kikubaaqudgha
Nemelex Xobeh
Okawaru
Qazlal
Ru
Sif Muna
Trog
Uskayaw
Vehumet
Wu Jian
Xom
Yredelemnul
Zin


Message History

You hit the wight.
The wight is heavily damaged.
The wight hits you but does no damage. You block the wight's attack.
The wight hits you from afar with a +4 spear.
You hit the wight but do no damage. Your kick misses the wight.
You peck the wight.
The wight is severely damaged.
You closely miss the white imp. You block the wight's attack.
The wight hits you but does no damage.
The wight hits you from afar with a +4 spear.
The white imp hits you but does no damage.
You hit the wight. Your kick misses the wight.
The wight is almost destroyed.
You barely miss the white imp.
The white imp grinds its teeth.
The white imp hits you but does no damage.
The wight hits you but does no damage.
The wight hits you from afar with a +4 spear.
The wight hits you with a +2 battleaxe!
You feel drained.
You barely miss the wight. Your kick misses the wight.
The wight is almost destroyed.
You closely miss the white imp. The white imp gestures at you.
The puff of frost misses you. The wight barely misses you.
You block the wight's attack. The wight closely misses you.
You hit the wight but do no damage. Your kick misses the wight.
The wight is almost destroyed.
You barely miss the scorpion. You hit the white imp.
The white imp gestures at you.
The puff of frost hits you but does no damage.
The wight hits you but does no damage. You block the wight's attack.
The wight barely misses you. The scorpion barely misses you.
You barely miss the wight. You claw the wight.
The wight is almost destroyed.
You hit the scorpion. You barely miss the white imp.
The scorpion stings you but does no damage.
You block the white imp's attack.
The wight hits you from afar with a +6 spear!
You feel drained. The wight hits you with a +2 battleaxe!
You die... .##............. # ###...........# ......# ####.........# ....... .###....)....####....... .)...#.................. .....##....)...##....... ......#.....#..# zz.....

......##..###..##s......
.<##..........##@z......
...........##....5......
..####......#.####......
..)............ ......
............#.. ....#
####.....(.####. .....
###........# . ....
..##....##.. ## ..#.
.......##


You could see a scorpion, 3 wights and a white imp.

Vanquished Creatures
  A steam dragon (D:6)
  A water moccasin (D:5)
  A black bear (D:5)
  2 ogres
  A phantom (D:5)
  Blork the orc (D:6)
  2 gnoll sergeants (D:5)
  2 necrophages (D:5)
  A scorpion (D:4)
  2 wights (D:6)
  3 hounds (D:5)
  A jelly (D:5)
  3 orc priests
  2 iguanas
  3 orc wizards
  6 adders
  9 gnolls
  2 shadow imps (D:6)
  A white imp (D:5)
  A dart slug (D:2)
  13 orcs
  4 endoplasms
  3 giant cockroaches
  6 goblins
  4 hobgoblins
  10 jackals
  4 quokkas
  6 ball pythons
  7 bats
  4 frilled lizards
  2 kobolds
  7 rats
115 creatures vanquished.

Notes
Turn   | Place    | Note
-------+----------+-------------------------------------------
     0 | D:1      | qw the Tengu Warper began the quest for the Orb.
     0 | D:1      | Reached XP level 1. HP: 12/12 MP: 4/4
     0 | D:1      | 0 ||| qw: Version: 0.1-a-89-g26bdef1
     0 | D:1      | 0 ||| qw: Game counter: 2383
     0 | D:1      | 0 ||| qw: Always use a shield: true
     0 | D:1      | 0 ||| qw: God list: Okawaru
     0 | D:1      | 0 ||| qw: Allow faded altars: false
     0 | D:1      | 0 ||| qw: Do Orc after D:15 true
     0 | D:1      | 0 ||| qw: Do second Lair branch before Depths: true
     0 | D:1      | 0 ||| qw: Lair rune preference: random
     0 | D:1      | 0 ||| qw: Plans: Normal
     0 | D:1      | 0 ||| PLANNING D:1-11
   143 | D:1      | 143 ||| Stepping ~*~*~tactically~*~*~ (stealth).
   146 | D:1      | 146 ||| Stepping ~*~*~tactically~*~*~ (stealth).
   334 | D:1      | Reached skill level 3 in Axes
   334 | D:1      | Reached XP level 2. HP: 17/17 MP: 6/6
   795 | D:1      | Reached XP level 3. HP: 18/21 MP: 7/7
   972 | D:1      | 972 ||| UPGRADING to +0 ring mail.
   982 | D:1      | 982 ||| DROPPING +0 leather armour.
   983 | D:1      | 983 ||| UPGRADING to amulet of regeneration.
   988 | D:1      | 988 ||| READING scroll labelled MAUFOE TIUVVICZIR.
   989 | D:1      | 989 ||| READING scroll labelled QITEPO XUNIUC.
   990 | D:1      | 990 ||| READING scroll labelled KAMETE ARESOPT.
   991 | D:1      | 991 ||| READING scroll labelled ZONKYAC YTHRI.
   996 | D:1      | 996 ||| READING scroll labelled SICWOJ YXID.
   997 | D:1      | 997 ||| DRINKING 2 viscous white potions.
   998 | D:1      | 998 ||| DROPPING scroll of blinking.
  1059 | D:2      | Reached skill level 4 in Axes
  1065 | D:2      | 1065 ||| Stepping ~*~*~tactically~*~*~ (hiding).
  1357 | D:2      | Reached XP level 4. HP: 26/26 MP: 8/8
  1622 | D:2      | 1622 ||| DROPPING amulet of faith.
  1623 | D:2      | 1623 ||| READING scroll labelled ZAT YRITUT.
  1624 | D:2      | 1624 ||| READING scroll labelled VEALUZXOMAA.
  1625 | D:2      | 1625 ||| DRINKING 3 red potions.
  1730 | D:2      | 1730 ||| DROPPING 2 potions of berserk rage.
  1907 | D:3      | Reached skill level 5 in Axes
  1937 | D:3      | 1937 ||| Stepping ~*~*~tactically~*~*~ (stealth).
  1938 | D:3      | 1938 ||| Stepping ~*~*~tactically~*~*~ (stealth).
  2065 | D:3      | Identified the +8 short sword "Paphel" {spect, rF+ rC+++
                  | Int+2 Stlth+}
  2159 | D:3      | 2159 ||| UPGRADING to +2 hat.
  2164 | D:3      | 2164 ||| UPGRADING to +0 plate armour.
  2174 | D:3      | 2174 ||| DROPPING +0 ring mail.
  2175 | D:3      | 2175 ||| UPGRADING to ring of willpower.
  2176 | D:3      | 2176 ||| UPGRADING to ring of willpower.
  2177 | D:3      | 2177 ||| READING scroll labelled PYFOCV DYEFEGU.
  2178 | D:3      | 2178 ||| READING scroll labelled DAIDEXTEIRAU.
  2179 | D:3      | 2179 ||| DRINKING 2 fizzy silvery potions.
  2180 | D:3      | 2180 ||| DRINKING 2 bubbling silvery potions.
  2181 | D:3      | 2181 ||| DROPPING potion of degeneration.
  2182 | D:3      | 2182 ||| DROPPING potion of brilliance.
  2183 | D:3      | 2183 ||| READING scroll of teleportation.
  2203 | D:4      | Noticed an ogre
  2213 | D:4      | HP: 4/26 [ogre/+0 giant spiked club (10)]
  2214 | D:4      | Killed an ogre
  2215 | D:4      | Reached skill level 3 in Armour
  2215 | D:4      | Gained mutation: Your magical nature lets you fly swiftly
                  | and evasively. [Tengu growth]
  2215 | D:4      | Reached XP level 5. HP: 6/30 MP: 9/9
  2268 | D:4      | 2268 ||| Stepping ~*~*~tactically~*~*~ (hiding).
  2269 | D:4      | 2269 ||| Stepping ~*~*~tactically~*~*~ (hiding).
  2275 | D:4      | 2275 ||| Stepping ~*~*~tactically~*~*~ (stealth).
  2279 | D:4      | 2279 ||| Stepping ~*~*~tactically~*~*~ (stealth).
  2288 | D:4      | Reached XP level 6. HP: 35/35 MP: 10/10
  2298 | D:4      | Reached skill level 6 in Axes
  2340 | D:4      | 2340 ||| DROPPING +0 mace.
  2354 | D:4      | 2354 ||| SWAPPING to +0 war axe.
  2355 | D:4      | 2355 ||| DROPPING +1 hand axe.
  2500 | D:4      | Found a staircase to the Ecumenical Temple.
  2501 | D:4      | 2501 ||| PLANNING TEMPLE
  2509 | Temple   | Entered the Ecumenical Temple
  2574 | Temple   | Became a worshipper of Warmaster Okawaru
  2600 | Temple   | 2600 ||| PLANNING D:1-11
  2993 | D:4      | Found a broken altar of Ashenzari.
  3002 | D:4      | Found an ancient bone altar of Kikubaaqudgha.
  3035 | D:4      | 3035 ||| DRINKING 2 murky golden potions.
  3057 | D:5      | Entered Level 5 of the Dungeon
  3075 | D:5      | Noticed a black bear
  3089 | D:5      | Killed a black bear
  3090 | D:5      | Reached skill level 7 in Axes
  3090 | D:5      | Reached XP level 7. HP: 17/40 MP: 11/11
  3256 | D:5      | 3256 ||| Stepping ~*~*~tactically~*~*~ (hiding).
  3269 | D:5      | 3269 ||| Stepping ~*~*~tactically~*~*~ (stealth).
  3351 | D:5      | Reached skill level 3 in Fighting
  3428 | D:5      | 3428 ||| Stepping ~*~*~tactically~*~*~ (hiding).
  3429 | D:5      | 3429 ||| Stepping ~*~*~tactically~*~*~ (hiding).
  3430 | D:5      | 3430 ||| Stepping ~*~*~tactically~*~*~ (hiding).
  3485 | D:5      | 3485 ||| Stepping ~*~*~tactically~*~*~ (stealth).
  3487 | D:5      | 3487 ||| Stepping ~*~*~tactically~*~*~ (hiding).
  3502 | D:5      | HP: 10/41 [gnoll sergeant/+0 spear (6)]
  3503 | D:5      | 3503 ||| READING 3 scrolls of teleportation.
  3505 | D:5      | 3505 ||| DRINKING 2 potions of heal wounds.
  3514 | D:5      | Reached skill level 8 in Axes
  3514 | D:5      | Reached * piety under Okawaru
  3530 | D:5      | 3530 ||| Stepping ~*~*~tactically~*~*~ (stealth).
  3532 | D:5      | 3532 ||| FLEEEEING.
  3571 | D:5      | 3571 ||| INVOKING Heroism.
  3631 | D:5      | 3631 ||| Stepping ~*~*~tactically~*~*~ (hiding).
  3705 | D:5      | Reached XP level 8. HP: 42/46 MP: 12/12
  3745 | D:5      | 3745 ||| INVOKING Heroism.
  3756 | D:5      | Reached skill level 9 in Axes
  3783 | D:5      | 3783 ||| Stepping ~*~*~tactically~*~*~ (stealth).
  3886 | D:5      | Reached skill level 1 in Invocations
  4246 | D:5      | 4246 ||| UPGRADING to +0 kite shield.
  4251 | D:5      | 4251 ||| READING 2 scrolls of identify.
  4251 | D:5      | 4251 ||| IDENTIFYING ruby potion
  4252 | D:5      | 4252 ||| DROPPING potion of invisibility.
  4273 | D:6      | 4273 ||| STAIRDANCE
  4284 | D:5      | 4284 ||| INVOKING Heroism.
  4291 | D:5      | Reached skill level 1 in Shields
  4312 | D:6      | 4312 ||| STAIRDANCE
  4318 | D:5      | 4318 ||| INVOKING Heroism.
  4350 | D:6      | 4350 ||| Stepping ~*~*~tactically~*~*~ (hiding).
  4364 | D:6      | 4364 ||| Stepping ~*~*~tactically~*~*~ (stealth).
  4416 | D:6      | Noticed Blork the orc
  4417 | D:6      | 4417 ||| Stepping ~*~*~tactically~*~*~ (hiding).
  4418 | D:6      | 4418 ||| Stepping ~*~*~tactically~*~*~ (hiding).
  4423 | D:6      | 4423 ||| INVOKING Heroism.
  4426 | D:6      | Killed Blork the orc
  4427 | D:6      | Reached skill level 3 in Invocations
  4442 | D:6      | 4442 ||| Stepping ~*~*~tactically~*~*~ (stealth).
  4444 | D:6      | 4444 ||| Stepping ~*~*~tactically~*~*~ (cloud).
  4448 | D:6      | 4448 ||| Stepping ~*~*~tactically~*~*~ (hiding).
  4452 | D:6      | 4452 ||| INVOKING Heroism.
  4458 | D:6      | Reached skill level 3 in Shields
  4517 | D:6      | Reached ** piety under Okawaru
  4520 | D:6      | 4520 ||| SWAPPING to +5 war axe.
  4521 | D:6      | 4521 ||| DROPPING +0 war axe.
  4528 | D:6      | 4528 ||| INVOKING Heroism.
  4537 | D:6      | Slain by a wight

Levels and vault maps discovered:
D:1:      doesnt_arrival_eight_statues, layout_basic, serial_park_tiny_pond,
          minmay_tree_intersection
D:2:      layout_rooms, minmay_misc_feat_iff
D:3:      layout_basic, hangedman_abyss_or_decor_stabs
D:4:      layout_basic, mainiacjoe_overflow_swirl, minmay_temple_entry_mist,
          hangedman_abyss_or_decor_stagger
D:5:      layout_basic, nicolae_hexahallways
D:6:      cheibrodos_steamvent, layout_cave_pools, grunt_ministairs_1,
          uniq_blork_the_orc
Temple:   nicolae_temple_superstar

Skill      XL: |  1  2  3  4  5  6  7  8 |
---------------+-------------------------+-----
Axes           | 3 4 5 7 8 9 |  9.2
Armour         | 3 |  3.3
Fighting       | 3 |  3.6
Invocations    | 3 |  3.8
Shields        | 3 |  3.6
Throwing       | |  1.0
Dodging        | |  2.1
Spellcasting   | |  2.0
Translocations | |  2.4

Action                   |  1- 3 |  4- 6 |  7- 9 || total
-------------------------+-------+-------+-------++-------
Melee: Hand axe          |    72 |    72 |       ||   144
       Kick              |    15 |    18 |    39 ||    72
       Peck              |     7 |    20 |    26 ||    53
       Punch             |     2 |     1 |     2 ||     5
       War axe           |       |    36 |   161 ||   197
Throw: Boomerang         |    32 |    46 |       ||    78
Invok: Heroism           |       |       |     7 ||     7
  Use: Scroll            |     5 |     5 |     2 ||    12
       Potion            |     1 |     4 |     1 ||     6
Armor: Leather armour    |    16 |       |       ||    16
       Ring mail         |    13 |    13 |       ||    26
       Plate armour      |       |    46 |   100 ||   146
Dodge: Dodged            |    47 |    38 |    39 ||   124
Block: Kite shield       |       |       |    27 ||    27

Table legend:
 A = Non-vault XP
 B = Vault XP
 C = Vault XP percentage of total XP
 D = Non-vault monster count
 E = Vault monster count
 F = Vault count percentage of total count
                 A         B        C        D         E       F
            +---------+---------+-------+---------+---------+-------
      Total |    2017 |     314 |  13.5 |     109 |       6 |   5.2
            +---------+---------+-------+---------+---------+-------
        D:1 |      34 |       0 |   0.0 |      20 |       0 |   0.0
        D:2 |      65 |       0 |   0.0 |      18 |       0 |   0.0
        D:3 |      41 |       0 |   0.0 |      19 |       0 |   0.0
        D:4 |     396 |       0 |   0.0 |      21 |       0 |   0.0
        D:5 |    1079 |     223 |  17.1 |      25 |       5 |  16.7
        D:6 |     402 |      91 |  18.5 |       6 |       1 |  14.3
            +---------+---------+-------+---------+---------+-------
